 Dungeon Crawl Stone Soup version 0.25-a0-353-ged6d54792d (webtiles) character file.

Game seed: 17268308806963591702, levelgen mode: deterministic

356955 night the Warrior (level 22, -3/149 HPs)
             Began as a Gargoyle Venom Mage on Dec 31, 2019.
             Was the Champion of Kikubaaqudgha.
             Splashed by a deep elf sorcerer's acid (16 damage)
             ... on level 3 of the Elven Halls on Jan 2, 2020.
             The game lasted 04:21:40 (54328 turns).

night the Warrior (Gargoyle Venom Mage)            Turns: 54328, Time: 04:21:42

Health: -3/149     AC: 36    Str: 12      XL:     22   Next: 35%
Magic:  1/39       EV: 12    Int: 26 (27) God:    Kikubaaqudgha [******]
Gold:   1269       SH: 14    Dex:  8      Spells: 1/47 levels left

rFire    + . .     SeeInvis .   a - +9 demon blade (flame)
rCold    + + .     Gourm    .   U - +2 shield of Resistance {rF+ rC+ MR+}
rNeg     + + .     Faith    .   i - +4 ring mail "Saexuv" {+Blink rC+ rN+ Slay+3}
rPois    ∞         Spirit   .   I - +1 helmet
rElec    +         Reflect  .   S - scarf {repulsion}
rCorr    .         Harm     .   s - +0 pair of gloves
MR       +++..                  t - +0 pair of boots
Stlth    ++........             q - amulet of magic regeneration
HPRegen  0.34/turn              K - ring of Reto {+Fly MR+ Str-2 Int+3 Stlth+}
MPRegen  0.51/turn              v - ring of wizardry

@: very slightly contaminated, repel missiles
A: big wings, hooves 1, slimy green scales 1, clumsy 1, negative energy
resistance 1, electricity resistance, unbreathing, evolution 1, petrification
resistance, rot immunity, AC +16
}: 2/15 runes: serpentine, barnacled
a: Fly, Receive Corpses, Torment, Renounce Religion, Evoke Blink, Evoke Flight


You were on level 3 of the Elven Halls.
You worshipped Kikubaaqudgha.
Kikubaaqudgha was exalted by your worship.
You were not hungry.

You visited 8 branches of the dungeon, and saw 39 of its levels.
You also visited: Gauntlet and Volcano.

You collected 4284 gold pieces.
You spent 3015 gold pieces at shops.

Inventory:

Hand Weapons
 a - a +9 demon blade of flaming (weapon)
 b - the +8 scimitar "Beast's Death" {vamp, +Blink rC+ Str+8 Int-5}
   (You found it on level 8 of the Dungeon)

   It inflicts no extra harm, but heals its wielder when it wounds a living foe.
   It affects your strength (+8).
   It affects your intelligence (-5).
   It protects you from cold.
   It lets you blink.
 X - the +4 long sword of Xacoxku {elec, rN++ Int+6 Stlth-}
   (You found it on level 3 of the Vaults)

   Occasionally, upon striking a foe, it will discharge some electrical energy
   and cause terrible harm.
   It affects your intelligence (+6).
   It greatly protects you from negative energy.
   It makes you less stealthy.
 Z - a +1 quick blade of holy wrath
Armour
 i - the +4 ring mail "Saexuv" (worn) {+Blink rC+ rN+ Slay+3}
   (You took it off an orc priest on level 4 of the Dungeon)

   It affects your accuracy and damage with ranged weapons and melee attacks
   (+3).
   It protects you from cold.
   It protects you from negative energy.
   It lets you blink.
 s - a +0 pair of gloves (worn)
 t - a +0 pair of boots (worn)
 I - a +1 helmet (worn)
 S - a scarf of repulsion (worn)
 U - the +2 shield of Resistance (worn) {rF+ rC+ MR+}
   (You bought it in a shop on level 1 of the Orcish Mines)

   It protects you from fire.
   It protects you from cold.
   It affects your resistance to hostile enchantments.
Jewellery
 q - an amulet of magic regeneration (around neck)
 v - a ring of wizardry (right hand)
 w - an uncursed ring of resist corrosion
 z - an uncursed ring of protection from fire
 A - a +3 ring of evasion
 B - an uncursed ring of fire
 G - an uncursed ring of see invisible
 K - the ring of Reto (left hand) {+Fly MR+ Str-2 Int+3 Stlth+}
   (You found it on level 1 of the Lair of Beasts)

   [ring of strength]

   It affects your strength (-2).
   It affects your intelligence (+3).
   It affects your resistance to hostile enchantments.
   It lets you fly.
   It makes you more stealthy.
 P - an uncursed ring of magical power
 R - an uncursed ring of ice
Wands
 n - a wand of iceblast (26)
 o - a wand of clouds (10)
 y - a wand of scattershot (9)
 C - a wand of acid (33)
 D - a wand of digging (10)
 N - a wand of disintegration (29)
Scrolls
 e - 3 scrolls of blinking
 l - 2 scrolls of fear
 r - 2 scrolls of magic mapping
 u - 10 scrolls of teleportation
 J - a scroll of enchant armour
 L - 4 scrolls of fog
 M - 13 scrolls of identify
 V - 14 scrolls of remove curse
 Y - a scroll of summoning
Potions
 d - 3 potions of cancellation
 f - 7 potions of brilliance
 g - 9 potions of curing
 h - 8 potions of agility
 k - 6 potions of haste
 m - 3 potions of lignification
 E - 5 potions of might
 F - 7 potions of magic
 O - 2 potions of berserk rage
 Q - 3 potions of resistance
 T - 5 potions of heal wounds
 W - 3 potions of invisibility
Miscellaneous
 j - a crystal ball of energy
Comestibles
 c - 56 rations
 p - 3 chunks of flesh


   Skills:
 + Level 19.1 Fighting
 - Level 4.8(10.3) Short Blades
 - Level 13.6(14.0) Long Blades
 - Level 12.3 Armour
 - Level 5.0 Dodging
 - Level 2.1 Stealth
 - Level 15.0 Shields
 + Level 13.2 Spellcasting
 + Level 5.0 Conjurations
 * Level 16.0 Necromancy
 - Level 0.7 Transmutations
 - Level 9.4 Poison Magic


You had one spell level left.
You knew the following spells:

 Your Spells              Type           Power        Failure   Level  Hunger
a - Sting                 Tmut/Pois      ####         1%          1    None
b - Poisonous Vapours     Pois/Air       #####.       1%          2    None
c - Mephitic Cloud        Conj/Pois/Air  #####...     1%          3    None
d - Olgreb's Toxic Radia  Pois           ######..     1%          4    None
e - Ignite Poison         Fire/Tmut/Pois ####....     1%          3    None
f - Animate Dead          Necr           N/A          1%          4    None
g - Regeneration          Chrm/Necr      ######....   1%          3    None
h - Dispel Undead         Necr           #######.     1%          5    ##.....
i - Borgnjor's Vile Clut  Necr/Erth      ######....   2%          5    ##.....
j - Borgnjor's Revivific  Necr           #######...   22%         8    #######
k - Infestation           Necr           #######...   22%         8    #######

Your spell library contained the following spells:

 Spells                   Type           Power        Failure   Level  Hunger
 Animate Skeleton         Necr           N/A          0%          1    None
 Pain                     Necr           ####         0%          1    None
 Foxfire                  Conj/Fire      ####         1%          1    None
 Magic Dart               Conj           ####         1%          1    None
 Apportation              Tloc           ###...       2%          1    None
 Confusing Touch          Hex            ###...       2%          1    None
 Corona                   Hex            ###....      2%          1    None
 Sandblast                Erth           ###...       2%          1    None
 Summon Small Mammal      Summ           ###.         2%          1    None
 Corpse Rot               Necr/Air       N/A          1%          2    None
 Vampiric Draining        Necr           #######...   1%          3    None
 Agony                    Necr           #######.     1%          5    ##.....
 Death Channel            Necr           #######...   1%          6    #####..
 Conjure Flame            Conj/Fire      ####....     2%          3    None
 Dazzling Flash           Conj/Hex       ####..       2%          3    None
 Stone Arrow              Conj/Erth      ####..       2%          3    None
 Excruciating Wounds      Chrm/Necr      ######....   2%          5    ##.....
 Blink                    Tloc           N/A          3%          2    None
 Call Imp                 Summ           ###.....     3%          2    None
 Ensorcelled Hibernation  Hex/Ice        ###...       3%          2    None
 Passwall                 Tmut/Erth      ###.....     3%          2    None
 Slow                     Hex            ###.....     3%          2    None
 Call Canine Familiar     Summ           ###.....     8%          3    None
 Confuse                  Hex            ###.....     8%          3    None
 Gell's Gravitas          Tloc           ###.......   8%          3    None
 Inner Flame              Hex/Fire       ###.....     8%          3    None
 Portal Projectile        Hex/Tloc       ###...       8%          3    None
 Summon Guardian Golem    Hex/Summ       ###.....     8%          3    None
 Tukima's Dance           Hex            ###.....     8%          3    None
 Sticky Flame             Conj/Fire      ####....     9%          4    None
 Petrify                  Tmut/Erth      ###.....     21%         4    None
 Fireball                 Conj/Fire      ####......   22%         5    ##.....
 Iskenderun's Battlesphe  Conj/Chrm      ####....     22%         5    ##.....
 Airstrike                Air            ###.......   24%         4    None
 Cause Fear               Hex            ###.......   24%         4    None
 Summon Ice Beast         Ice/Summ       ###.....     24%         4    None
 Summon Lightning Spire   Summ/Air       ###.....     24%         4    None
 Bolt of Magma            Conj/Fire/Erth ####......   32%         5    ##.....
 Yara's Violent Unravell  Hex/Tmut       ###.......   47%         5    ##.....
 Aura of Abjuration       Summ           ###.......   52%         5    ##.....
 Lee's Rapid Deconstruct  Erth           ###.......   52%         5    ##.....
 Silence                  Hex/Air        ###.......   52%         5    ##.....
 Summon Demon             Summ           ###.......   52%         5    ##.....
 Haunt                    Necr/Summ      ######....   56%         7    ######.
 Iron Shot                Conj/Erth      ####......   75%         6    #####..
 Orb of Destruction       Conj           #####.....   91%         7    ######.
 Deflect Missiles         Chrm/Air       ###.......   97%         6    #####..
 Dispersal                Tloc           ###.......   97%         6    #####..
 Spellforged Servitor     Conj/Summ      ####......   99%         7    ######.
 Death's Door             Chrm/Necr      ######....   99%         8    #######
 Necromutation            Tmut/Necr      ######....   99%         8    #######
 Controlled Blink         Tloc           N/A          100%        8    #######
 Discord                  Hex            ###.......   100%        8    #######
 Disjunction              Tloc           ###.......   100%        8    #######


Dungeon Overview and Level Annotations

Branches:
Dungeon (15/15)            Temple (1/1) D:6            Lair (6/6) D:8
 Shoals (4/4) Lair:4        Snake (4/4) Lair:4        Slime (0/5) Lair:6
    Orc (2/2) D:9             Elf (3/3) Orc:2        Vaults (4/5) D:13
  Crypt (0/3) Vaults:3     Depths (0/5) D:15        Volcano (visited)
Gauntlet (visited)

Altars:
Ashenzari
Cheibriados
Dithmenos
Elyvilon
Fedhas
Gozag
Hepliaklqana
Kikubaaqudgha
Makhleb
Nemelex Xobeh
Okawaru
Qazlal
Ru
Sif Muna
Trog
Uskayaw
Vehumet
Wu Jian
Xom
Yredelemnul
Zin
The Shining One
Jiyva

Shops:
D:4 **[   D:11 ?   D:12 ?   D:15 *   Orc:1 [   Orc:2 =[**   Shoals:3 [
Vaults:1 }   Vaults:2 =*[*   Vaults:3 *   Vaults:4 [

Annotations:
D:3 1 runed translucent door, Lanoc's ghost, amateur VSMo
D:10 2 runed translucent doors, Goata's ghost, journeyman GrGl
D:11 1 runed translucent door, Borgoz's ghost, journeyman GrGl
D:13 2 runed translucent doors, Buqaigul's ghost, journeyman DrBe
Lair:6 1 runed translucent door, Borgoz's ghost, journeyman GrBe
Shoals:1 3 runed translucent doors, Dereoz's ghost, adept MiBe
Elf:1 3 runed translucent doors, Wadoidee's ghost, adept TrWr


Innate Abilities, Weirdness & Mutations

You are resistant to torment.
Your stone body is resilient. (AC +16)
You are immune to poison.
Your large and strong wings let you fly indefinitely.
You resist negative energy. (rN+)
You are resistant to electric shocks. (rElec)
You can survive without breathing.
You are immune to petrification.
You are immune to rotting.
You have large cloven feet.
You are partially covered in slimy green scales. (AC +2)
You are clumsy. (Dex -2)
You evolve.


Message History

Some walls begin to move on their own!
You hear a shout!
Unknown command.
The +2 hand axe of chopping hits your deep elf death mage zombie!
The +2 hand axe of chopping hits your deep elf annihilator zombie.
The deep elf death mage hits your deep elf elementalist zombie with a cursed -2 long sword.
The deep elf elementalist hits your deep elf annihilator zombie with a +0 dagger.
The deep elf master archer shoots an arrow.
The arrow hits your deep elf annihilator zombie!!
The deep elf sorcerer casts a spell at you.
The bolt of acid hits your deep elf death mage zombie!!!
Your deep elf death mage zombie is splashed with acid.
The acid corrodes your deep elf death mage zombie!
The bolt of acid hits the earth elemental!!
The earth elemental is splashed with acid.
The bolt of acid hits you!!!
* * * LOW HITPOINT WARNING * * *
You are splashed with acid!
You die...
Kikubaaqudgha rasps: "You have failed me!
Welcome... oblivion!"

#ee# ##. ###.e###
###.. #.#Z)#.#
#.'.. #.#(E#.##
###..
#..(ee..######
##.
#.1e(ZE......# ##
#Z.ZEEe......# #
####''E.E......#
##.....@.E......#
#.............).#
#.....e..)))....+
##.....).[.....##
##...).).....##
##....(....##
##('####### #
#..# ## ####..#
#.


You could see a deep elf blademaster, a deep elf master archer, a deep elf
annihilator, a deep elf death mage, an Executioner, a deep elf sorcerer, a deep
elf elementalist, 7 earth elementals, 2 dancing weapons, a friendly deep elf
annihilator zombie, 2 friendly deep elf death mage zombies and a friendly deep
elf elementalist zombie.

Vanquished Creatures
  Bai Suzhen (Shoals:4)
  A tentacled monstrosity (Vaults:4)
  A quicksilver dragon (Vaults:4)
  Kirke (D:14)
  Polyphemus (Shoals:2)
  A sphinx (Vaults:4)
  2 tengu reavers
  Ilsuiw (Shoals:2)
  9 vault wardens
  10 nagarajas
  3 frost giants
  Louise (D:14)
  2 deep elf elementalists
  3 stone giants
  9 ironheart preservers
  3 deep elf demonologists
  A minotaur (Gauntlet)
  3 deep elf annihilators
  A dire elephant (Lair:2)
  2 deep elf death magi
  4 ettins
  2 merfolk javelineers (Shoals:4)
  Snorg (Lair:3)
  Josephine (Lair:6)
  3 great orbs of eyes
  10 merfolk impalers
  6 vault guards
  An ice dragon (Vaults:3)
  7 yaktaur captains
  Harold (D:14)
  6 hydras
  A deep elf high priest (Elf:1)
  2 rakshasas (Vaults:3)
  15 naga warriors
  5 catoblepae
  3 merfolk aquamancers (Shoals:4)
  3 alligator snapping turtles
  Erica (D:14)
  3 merfolk avatars
  13 anacondas
  24 dancing weapons
  42 two-headed ogres
  8 ogre magi
  A queen ant (Lair:3)
  8 centaur warriors
  2 deep troll shamans
  2 deep troll earth magi
  10 death yaks
  15 naga sharpshooters
  2 tengu warriors
  17 deep elf knights
  4 shock serpents
  A hell knight (D:14)
  A shadow wraith (Vaults:4)
  4 salamander mystics
  9 deep trolls
  10 sea snakes
  A flayed ghost (Vaults:1)
  4 unseen horrors
  2 glowing orange brains (Vaults:1)
  4 naga ritualists
  3 lindwurms (Snake:4)
  9 ironbrand convokers
  A harpy (shapeshifter) (Vaults:1)
  13 harpies
  13 deep elf archers
  A wizard (D:14)
  10 orc knights
  2 necromancers
  11 mana vipers
  46 deep elf magi
  18 ugly things
  An orc sorcerer (Vaults:1)
  A moth of wrath (Gauntlet)
  11 salamanders
  8 cyclopes
  13 manticores
  3 fauns (Shoals:3)
  A stone giant skeleton (Vaults:3)
  13 elephants (Lair:2)
  12 vault sentinels
  7 merfolk sirens
  19 naga magi
  4 water nymphs
  50 black mambas
  Psyche (D:11)
  7 guardian serpents
  3 centaur zombies
  4 centaur skeletons
  16 spiny frogs
  3 gargoyles
  A yaktaur (shapeshifter) (Elf:2)
  A rime drake (Lair:6)
  A yaktaur zombie (Vaults:3)
  A kobold demonologist (D:11)
  3 efreet
  25 yaktaurs
  4 freezing wraiths
  6 komodo dragons
  2 tengu conjurers
  6 meliai
  7 trolls
  4 red devils (Elf:1)
  A queen bee (D:12)
  19 merfolk
  5 wind drakes
  4 hornets
  16 blink frogs
  A slime creature (shapeshifter) (Vaults:3)
  21 slime creatures
  4 snapping turtles
  10 dream sheep
  16 hippogriffs
  3 redbacks (Gauntlet)
  3 shadows
  8 wraiths
  10 wyverns
  3 air elementals
  9 hogs
  6 water elementals
  A spriggan (Lair:2)
  3 fire elementals
  A steam dragon (Volcano)
  2 hungry ghosts
  6 fire bats (Volcano)
  50 yaks
  7 basilisks
  A human (shapeshifter) (Vaults:1)
  A human (D:7)
  7 large abominations (Elf:1)
  12 vampire mosquitoes
  5 wargs
  27 nagas
  20 soldier ants
  2 acid dragons
  10 water moccasins
  A swamp drake (shapeshifter) (Elf:3)
  5 porcupines
  2 hornet zombies
  40 orc warriors
  6 sky beasts
  6 ice beasts
  A black bear (shapeshifter) (Elf:1)
  A phantom (D:5)
  An eye of draining (D:13)
  33 ogres
  A boggart (Vaults:3)
  An elf skeleton (Vaults:3)
  27 centaurs
  17 crocodiles
  5 big kobolds
  17 bullfrogs
  A gnoll sergeant (D:10)
  An earth elemental (Elf:2)
  A wyvern skeleton (D:6)
  5 scorpions
  A human simulacrum (Vaults:1)
  22 killer bees
  11 howler monkeys
  14 wights
  2 electric eels
  6 crimson imps
  A bullfrog zombie (D:12)
  4 hounds
  4 jellies
  27 orc wizards
  16 orc priests
  3 bullfrog skeletons
  Ijyb (D:4)
  Natasha (twice) (D:3)
  12 iguanas
  36 worker ants
  A bullfrog simulacrum (D:13)
  A howler monkey zombie (D:10)
  A worker ant zombie (D:7)
  5 gnolls
  A howler monkey skeleton (D:5)
  2 river rats (D:4)
  12 adders
  5 shadow imps
  A white imp (Vaults:1)
  An ufetubus (Vaults:1)
  An ooze (D:4)
  An adder zombie (D:5)
  2 adder skeletons
  3 worms
  7 leopard geckos
  103 orcs
  7 giant cockroaches
  8 goblins
  9 hobgoblins
  11 jackals
  9 quokkas
  2 ball pythons
  4 bats
  4 frilled lizards
  25 kobolds
  A leopard gecko skeleton (D:4)
  8 rats
  A butterfly (Lair:4)
  A plant (Lair:3)
1545 creatures vanquished.

Vanquished Creatures (collateral kills)
  Donald (Elf:3)
  A frost giant (Vaults:4)
  3 deep elf sorcerers (Elf:3)
  A deep elf elementalist (Elf:3)
  An ironheart preserver (Vaults:3)
  3 stone giants
  A deep elf annihilator (Elf:3)
  An ettin (Vaults:3)
  A merfolk impaler (Shoals:4)
  2 deep elf death magi (Elf:3)
  A fire dragon (Volcano)
  A yaktaur captain (Vaults:2)
  A vault guard (Vaults:1)
  3 anacondas (Snake:4)
  3 two-headed ogres
  A hydra (Lair:3)
  A catoblepas (Lair:6)
  2 ogre magi
  An alligator snapping turtle (Shoals:4)
  The ghost of whitenoisemaker the Destroyer, a journeyman DEIE of Vehumet (Lair:2)
  A shock serpent (Snake:4)
  2 deep elf knights (Elf:3)
  2 sea snakes
  A salamander mystic (Snake:4)
  2 shadow wraiths
  A deep troll (Vaults:4)
  2 deep elf archers (Elf:3)
  An ironbrand convoker (Vaults:4)
  A lindwurm (Snake:4)
  A necromancer (Vaults:3)
  2 harpies (Shoals:1)
  An orc knight (Vaults:1)
  9 deep elf magi
  A wolf spider (Vaults:1)
  4 manticores (Shoals:4)
  A slime creature (Vaults:1)
  A cyclops (Shoals:4)
  A stone giant skeleton (Vaults:3)
  2 guardian serpents (Snake:4)
  2 vault sentinels (Vaults:1)
  A naga mage (Snake:4)
  A water nymph (Shoals:4)
  2 yaktaurs
  A freezing wraith (Vaults:1)
  3 merfolk (Shoals:4)
  2 dream sheep (Shoals:4)
  4 snapping turtles (Shoals:4)
  2 yaks
  5 water elementals
  A soldier ant (Lair:3)
  A naga (Snake:4)
  2 orc warriors (Vaults:1)
  An ogre (Vaults:2)
  2 centaurs (Vaults:3)
  A human skeleton (Vaults:3)
  An earth elemental (Elf:3)
  An elf simulacrum (Vaults:1)
  3 worker ants (Lair:3)
  6 fungi
  6 plants
114 creatures vanquished.

Vanquished Creatures (others)
  A naga sharpshooter (Snake:1)
  An unseen horror (Vaults:1)
  2 deep elf magi (Elf:2)
  A guardian serpent (Snake:1)
  A vampire (D:13)
  An ogre (Vaults:3)
  A bush (Lair:1)
  49 fungi
  46 plants
103 creatures vanquished.

Grand Total: 1762 creatures vanquished

Notes
Turn   | Place    | Note
-------+----------+-------------------------------------------
     0 | D:1      | night the Gargoyle Venom Mage began the quest for the Orb.
     0 | D:1      | Reached XP level 1. HP: 10/10 MP: 3/3
    63 | D:1      | Reached XP level 2. HP: 12/16 MP: 0/5
   142 | D:1      | Reached skill level 1 in Fighting
   769 | D:2      | Learned a level 2 spell: Poisonous Vapours
   870 | D:2      | Reached XP level 3. HP: 16/20 MP: 2/6
  1068 | D:2      | Found a shadowy altar of Dithmenos.
  1149 | D:2      | Noticed an ice beast
  1204 | D:2      | Killed an ice beast
  1204 | D:2      | Reached skill level 2 in Fighting
  1204 | D:2      | Reached XP level 4. HP: 21/27 MP: 1/8
  1204 | D:2      | Reached XP level 5. HP: 24/31 MP: 1/9
  1217 | D:2      | Learned a level 3 spell: Mephitic Cloud
  1222 | D:2      | Learned a level 4 spell: Olgreb's Toxic Radiance
  1937 | D:3      | Reached skill level 3 in Fighting
  2520 | D:3      | Reached XP level 6. HP: 37/37 MP: 7/11
  2829 | D:3      | Found a runed translucent door.
  2978 | D:3      | Found a white marble altar of Elyvilon.
  3029 | D:3      | Found a basalt altar of Yredelemnul.
  3144 | D:3      | Reached skill level 4 in Fighting
  3324 | D:3      | Noticed Natasha
  3331 | D:3      | Killed Natasha
  3331 | D:3      | Reached skill level 5 in Poison Magic
  3331 | D:3      | Reached XP level 7. HP: 41/43 MP: 7/13
  3443 | D:3      | Noticed Natasha
  3452 | D:3      | Killed Natasha
  3618 | D:3      | Noticed Lanoc's ghost (amateur VSMo)
  3816 | D:4      | Noticed Ijyb
  3844 | D:4      | Paralysed by Ijyb for 3 turns
  3854 | D:4      | Killed Ijyb
  3895 | D:4      | Found Dyiry's Assorted Antiques.
  3911 | D:4      | Reached skill level 5 in Fighting
  4217 | D:4      | Reached XP level 8. HP: 48/49 MP: 6/15
  4267 | D:4      | Found Uhamn's Antique Armour Shoppe.
  4285 | D:4      | Learned a level 3 spell: Ignite Poison
  4377 | D:4      | Found Duwk's General Store.
  4609 | D:4      | Identified the +4 ring mail "Saexuv" {+Blink rC+ rN+
                  | Slay+3}
  4614 | D:4      | Reached skill level 1 in Shields
  5452 | D:5      | Entered Level 5 of the Dungeon
  5694 | D:5      | Found an ornate altar of the Wu Jian Council.
  5796 | D:5      | Reached skill level 5 in Shields
  5822 | D:5      | Reached skill level 5 in Spellcasting
  5890 | D:5      | Reached skill level 1 in Armour
  6725 | D:4      | Bought a silken robe for 176 gold pieces
  6735 | D:4      | Identified the +1 robe "Pyzo" {rF++} (You bought it in a
                  | shop on level 4 of the Dungeon)
  6820 | D:6      | Reached skill level 6 in Fighting
  6820 | D:6      | Reached XP level 9. HP: 41/55 MP: 4/17
  7369 | D:6      | Found a staircase to the Ecumenical Temple.
  7381 | Temple   | Entered the Ecumenical Temple
  7613 | Temple   | Became a worshipper of Kikubaaqudgha
  8597 | D:7      | Found a sparkling altar of Nemelex Xobeh.
  8706 | D:7      | Reached skill level 7 in Fighting
  8999 | D:7      | Reached XP level 10. HP: 63/63 MP: 2/19
  8999 | D:7      | Reached * piety under Kikubaaqudgha
  8999 | D:7      | Identified Kikubaaqudgha's Compendium of Unholy Rituals
                  | (Kikubaaqudgha gifted it to you on level 7 of the Dungeon)
  8999 | D:7      | Received a gift from Kikubaaqudgha
  8999 | D:7      | Reached skill level 5 in Armour
  9396 | D:7      | Found a shattered altar of Ashenzari.
  9585 | D:8      | Found a staircase to the Lair.
  9687 | D:8      | Reached skill level 8 in Fighting
  9785 | D:8      | Got a dazzling scimitar
  9786 | D:8      | Identified the +8 scimitar "Beast's Death" {vamp, +Blink
                  | rC+ Str+8 Int-5} (You found it on level 8 of the Dungeon)
 10437 | D:9      | Noticed a two-headed ogre
 10454 | D:9      | Killed a two-headed ogre
 10606 | D:9      | Found a glowing golden altar of the Shining One.
 11076 | D:9      | Upgraded the game from 0.25-a0-346-g140ab784a8 to
                  | 0.25-a0-353-ged6d54792d
 11086 | D:9      | Reached ** piety under Kikubaaqudgha
 11370 | D:9      | Found a staircase to the Orcish Mines.
 11390 | D:9      | Reached skill level 9 in Fighting
 11390 | D:9      | Reached XP level 11. HP: 70/71 MP: 22/22
 11658 | D:10     | Entered Level 10 of the Dungeon
 11785 | D:10     | Found a large runed translucent door.
 11786 | D:10     | Noticed Goata's ghost (journeyman GrGl)
 11788 | D:10     | Found a large runed translucent door.
 12222 | D:10     | Reached *** piety under Kikubaaqudgha
 12222 | D:10     | Identified Kikubaaqudgha's Handbook of Unholy Rituals
                  | (Kikubaaqudgha gifted it to you on level 10 of the Dungeon)
 12222 | D:10     | Received a gift from Kikubaaqudgha
 12680 | Lair:1   | Entered Level 1 of the Lair of Beasts
 12692 | Lair:1   | Got a warped jade ring
 12756 | Lair:1   | Identified the cursed ring of Reto {+Fly MR+ Str-2 Int+3
                  | Stlth+} (You found it on level 1 of the Lair of Beasts)
 13035 | Lair:1   | Noticed a six-headed hydra
 13050 | Lair:1   | Killed a six-headed hydra
 13050 | Lair:1   | Reached skill level 1 in Necromancy
 13227 | Lair:1   | Reached skill level 10 in Fighting
 13917 | Lair:2   | Reached skill level 1 in Long Blades
 14067 | Lair:2   | Reached XP level 12. HP: 78/78 MP: 15/25
 14529 | Lair:2   | Reached **** piety under Kikubaaqudgha
 14661 | Lair:2   | Found a runed translucent door.
 14694 | Lair:2   | Noticed whitenoisemaker's ghost (journeyman DEIE)
 14709 | Lair:2   | Reached skill level 1 in Short Blades
 14713 | Lair:2   | Reached skill level 11 in Fighting
 14928 | Lair:2   | Noticed a dire elephant
 14969 | Lair:2   | Killed a dire elephant
 15278 | Lair:2   | Learned a level 4 spell: Animate Dead
 15379 | Lair:2   | Killed whitenoisemaker's ghost
 15536 | Lair:3   | Found a dark tunnel.
 15550 | Volcano  | Entered a volcano
 15551 | Volcano  | Noticed a two-headed ogre
 15556 | Volcano  | Noticed a two-headed ogre
 15559 | Volcano  | Killed a two-headed ogre
 15564 | Volcano  | Killed a two-headed ogre
 15564 | Volcano  | Reached skill level 10 in Armour
 15637 | Volcano  | Noticed a two-headed ogre
 15642 | Volcano  | Killed a two-headed ogre
 15642 | Volcano  | Reached XP level 13. HP: 84/84 MP: 12/26
 15694 | Volcano  | Reached skill level 10 in Spellcasting
 15909 | Volcano  | Reached skill level 5 in Necromancy
 16008 | Volcano  | Noticed a fire dragon
 16028 | Volcano  | HP: 1/84 [fire dragon (8)]
 16030 | Volcano  | Gained mutation: You are partially covered in slimy green
                  | scales. (AC +2) [potion of mutation]
 16030 | Volcano  | Gained mutation: You evolve. [potion of mutation]
 16030 | Volcano  | Gained mutation: You have large cloven feet. [potion of
                  | mutation]
 16054 | Volcano  | Learned a level 3 spell: Regeneration
 16170 | Volcano  | Killed a fire dragon
 16564 | D:4      | Bought a scroll of enchant weapon for 90 gold pieces
 16686 | Lair:3   | Reached ***** piety under Kikubaaqudgha
 16871 | Lair:3   | Reached skill level 12 in Fighting
 16950 | Lair:3   | Noticed Snorg
 16965 | Lair:3   | Killed Snorg
 17497 | Lair:3   | Learned a level 5 spell: Dispel Undead
 17773 | Lair:4   | Found a staircase to the Snake Pit.
 17885 | Lair:4   | Found a staircase to the Shoals.
 18243 | Lair:4   | Gained mutation: Your large and strong wings let you fly
                  | indefinitely. [Gargoyle growth]
 18243 | Lair:4   | Reached XP level 14. HP: 89/92 MP: 20/28
 18817 | Lair:5   | Reached ****** piety under Kikubaaqudgha
 18906 | Lair:5   | Received a gift from Kikubaaqudgha
 19651 | Lair:6   | Entered Level 6 of the Lair of Beasts
 19696 | Lair:6   | Found a gate leading to a gauntlet.
 19715 | Gauntlet | Entered a Gauntlet
 19715 | Gauntlet | Found a transporter.
 19715 | Gauntlet | Found a transporter.
 19721 | Gauntlet | Found a transporter.
 19722 | Gauntlet | Found a transporter.
 19724 | Gauntlet | Found a transporter.
 19725 | Gauntlet | Found a transporter.
 19731 | Gauntlet | Found a transporter.
 19733 | Gauntlet | Found a transporter.
 19734 | Gauntlet | Found a transporter.
 19736 | Gauntlet | Found a transporter.
 19744 | Gauntlet | Found a transporter.
 19751 | Gauntlet | Found a transporter.
 20118 | Gauntlet | Got a pair of warped gloves
 20129 | Gauntlet | Identified the cursed +0 pair of gloves "Akiu" {rPois} (You
                  | found it in a Gauntlet)
 20375 | Lair:6   | Found a viscous altar of Jiyva.
 20375 | Lair:6   | Found a staircase to the Slime Pits.
 20454 | Lair:6   | Reached skill level 5 in Long Blades
 20593 | Lair:6   | Reached skill level 13 in Fighting
 21074 | Lair:6   | Found a runed translucent door.
 21081 | Lair:6   | Noticed Borgoz's ghost (journeyman GrBe)
 21215 | Lair:6   | Noticed Josephine
 21260 | Lair:6   | Killed Josephine
 21273 | Lair:6   | Reached XP level 15. HP: 91/99 MP: 3/30
 21698 | Lair:6   | Gained mutation: You are clumsy. (Dex -2) [evolution]
 21982 | D:11     | Found a radiant altar of Vehumet.
 21997 | D:11     | Found a runed translucent door.
 22030 | D:11     | Noticed Borgoz's ghost (journeyman GrGl)
 22030 | D:11     | Identified the cursed +2 trident "Etiocvu" {holy, rN+}
 22179 | D:11     | Found Junavialiu's Magic Scroll Shoppe.
 22275 | D:11     | Identified the Reference Book on the Lethal Birds
 22379 | D:11     | Found an opulent altar of Gozag.
 22380 | D:11     | Noticed Psyche
 22390 | D:11     | Killed Psyche
 22951 | D:12     | Found a radiant altar of Vehumet.
 23325 | D:12     | Found Uleps's Magic Scroll Emporium.
 23531 | D:13     | Found a large runed translucent door.
 23531 | D:13     | Found a large runed translucent door.
 23532 | D:13     | Noticed Buqaigul's ghost (journeyman DrBe)
 24098 | D:13     | Found a radiant altar of Vehumet.
 24251 | D:13     | Found a gate to the Vaults.
 25126 | D:14     | Noticed Kirke
 25299 | D:14     | Killed Kirke
 25604 | D:14     | Reached skill level 14 in Fighting
 25734 | D:14     | Noticed Louise
 25761 | D:14     | Killed Louise
 25815 | D:14     | Noticed Erica
 25816 | D:14     | Noticed Harold
 25830 | D:14     | Killed Erica
 25841 | D:14     | Killed Harold
 25859 | D:14     | Reached XP level 16. HP: 94/106 MP: 24/32
 26105 | D:15     | Entered Level 15 of the Dungeon
 27029 | D:15     | Found a staircase to the Depths.
 27057 | D:15     | Found Paufa's General Store.
 27373 | Orc:1    | Entered Level 1 of the Orcish Mines
 27407 | Orc:1    | Found Wap Unyx's Antique Armour Emporium.
 27446 | Orc:1    | Reached skill level 5 in Dodging
 28613 | Orc:2    | Entered Level 2 of the Orcish Mines
 29257 | Orc:2    | Gained mutation: You are partially covered in thin metallic
                  | scales. (AC +2) [evolution]
 29458 | Orc:2    | Found a staircase to the Elven Halls.
 29756 | Orc:2    | Found Wexuol's General Store.
 29756 | Orc:2    | Found Weatog's Antique Armour Shoppe.
 29758 | Orc:2    | Found Luasch's Jewellery Emporium.
 29760 | Orc:2    | Found Cougogh's Assorted Antiques.
 29984 | Snake:1  | Entered Level 1 of the Snake Pit
 30208 | Snake:1  | Learned a level 5 spell: Borgnjor's Vile Clutch
 30933 | Snake:2  | Noticed a nagaraja
 30951 | Snake:1  | Killed a nagaraja
 32263 | Snake:3  | Reached XP level 17. HP: 101/112 MP: 33/33
 32272 | Snake:3  | Reached skill level 10 in Shields
 33108 | Snake:3  | Reached skill level 15 in Fighting
 34242 | Snake:4  | Entered Level 4 of the Snake Pit
 34262 | Snake:4  | Reached skill level 10 in Necromancy
 35869 | Snake:4  | HP: 4/114 [naga sharpshooter/arrow (10)]
 36502 | Snake:4  | Reached XP level 18. HP: 22/120 MP: 34/34
 36977 | Snake:4  | Reached skill level 10 in Long Blades
 37732 | Snake:4  | Reached skill level 16 in Fighting
 38007 | Snake:4  | Lost mutation: You are partially covered in thin metallic
                  | scales. (AC +2) [evolution]
 38261 | Snake:4  | Got a serpentine rune of Zot
 38493 | Shoals:1 | Entered Level 1 of the Shoals
 38740 | Orc:1    | Bought the +2 shield of Resistance {rF+ rC+ MR+} for 1109
                  | gold pieces
 38740 | Orc:1    | Found the +2 shield of Resistance {rF+ rC+ MR+}
 38751 | Orc:1    | Bought a slimy ring mail for 243 gold pieces
 38761 | Orc:1    | Identified the +2 ring mail "Puodolad" {+Inv rF- Int-3
                  | Dex+8} (You bought it in a shop on level 1 of the Orcish
                  | Mines)
 38814 | Orc:2    | Bought a slimy hat for 261 gold pieces
 38824 | Orc:2    | Identified the -1 hat "Waus" {Int+2 Dex+4} (You bought it
                  | in a shop on level 2 of the Orcish Mines)
 38941 | D:12     | Bought a scroll of acquirement for 572 gold pieces
 39445 | Shoals:1 | Found a runed translucent gate.
 39446 | Shoals:1 | Found a runed translucent gate.
 39447 | Shoals:1 | Found a runed translucent gate.
 39454 | Shoals:1 | Noticed Dereoz's ghost (adept MiBe)
 40304 | Shoals:2 | Noticed Ilsuiw
 40345 | Shoals:2 | Killed Ilsuiw
 40569 | Shoals:2 | Noticed Polyphemus
 40582 | Shoals:2 | Killed Polyphemus
 41218 | Shoals:3 | Found Janwuywa's Armour Boutique.
 41261 | Shoals:3 | Bought a scarf of repulsion for 144 gold pieces
 41649 | Shoals:3 | Reached XP level 19. HP: 126/127 MP: 28/35
 42010 | Shoals:4 | Entered Level 4 of the Shoals
 42150 | Shoals:4 | Got a barnacled rune of Zot
 42438 | Shoals:4 | Identified the Grimoire of Clay and Summoning
 42548 | Shoals:4 | Noticed Bai Suzhen
 42583 | Shoals:4 | Killed Bai Suzhen
 42771 | Shoals:4 | Found the cursed +13 scythe of Curses {drain, *Curse}
 43102 | Shoals:4 | Reached skill level 17 in Fighting
 43838 | Vaults:1 | Entered Level 1 of the Vaults
 44739 | Vaults:1 | Found Reidei's Gadget Shop.
 45123 | Vaults:1 | Reached XP level 20. HP: 134/134 MP: 36/36
 46070 | Vaults:2 | Found Tatel's General Store.
 46515 | Vaults:2 | Found Ophar's Antique Armour Emporium.
 46855 | Vaults:2 | Found Olafegir's General Store.
 46883 | Vaults:2 | Found Ymimotef's Jewellery Shop.
 46891 | Vaults:2 | Bought an uncursed ring of wizardry for 420 gold pieces
 47415 | Vaults:3 | Found a staircase to the Crypt.
 47761 | Vaults:3 | Got a slimy long sword
 47762 | Vaults:3 | Identified the +4 long sword of Xacoxku {elec, rN++ Int+6
                  | Stlth-} (You found it on level 3 of the Vaults)
 48119 | Vaults:3 | Found a blossoming altar of Fedhas.
 48526 | Vaults:3 | Found Afrihiok's General Store.
 48761 | Vaults:4 | Reached skill level 18 in Fighting
 48862 | Vaults:4 | Reached XP level 21. HP: 128/141 MP: 31/37
 48885 | Vaults:4 | Reached skill level 15 in Shields
 49243 | Vaults:4 | Found Gumutoso's Armour Shop.
 49509 | Vaults:4 | Reached skill level 15 in Necromancy
 50682 | Elf:1    | Entered Level 1 of the Elven Halls
 50744 | Elf:1    | Learned a level 8 spell: Borgnjor's Revivification
 51488 | Elf:1    | Reached skill level 1 in Conjurations
 51504 | Elf:1    | Identified the Handbook of Dark Secrets
 51660 | Elf:1    | Found a runed translucent gate.
 51660 | Elf:1    | Found a runed translucent gate.
 51661 | Elf:1    | Found a runed translucent gate.
 51665 | Elf:1    | Noticed Wadoidee's ghost (adept TrWr)
 51751 | Elf:1    | You fall into a shaft and drop 1 floor!
 51754 | Elf:2    | Found a runed translucent gate.
 51754 | Elf:2    | Found a runed translucent gate.
 51755 | Elf:2    | Found a runed translucent gate.
 52344 | Elf:2    | Found a radiant altar of Vehumet.
 52878 | Elf:2    | Reached XP level 22. HP: 148/148 MP: 33/38
 53326 | Elf:2    | Learned a level 8 spell: Infestation
 53560 | Elf:3    | Entered Level 3 of the Elven Halls
 53656 | Elf:3    | Noticed Donald
 53667 | Elf:3    | Killed Donald
 54211 | Elf:3    | Reached skill level 19 in Fighting
 54308 | Elf:3    | Reached skill level 5 in Conjurations
 54328 | Elf:3    | Splashed by a deep elf sorcerer's acid

Levels and vault maps discovered:
D:1:      scummos_arrival_gate, layout_loops_ring
D:2:      layout_basic, first_ration, nicolae_dithmenos_through_a_glass_darkly
D:3:      cheibrodos_thug_alley, layout_basic, kennysheep_ying_yang,
          ebering_ghost_reflecting_pool, serial_bayou, serial_bayou_ford_a,
          serial_bayou_pond_e, serial_bayou_lagoon_b, serial_bayou_lagoon_a,
          uniq_natasha
D:4:      layout_layer_cave, serial_shops, shop, shop, nicolae_shop_trees,
          gup_sewer_entry_spiral, uniq_ijyb
D:5:      layout_gridville, kennysheep_mini_moat, nicolae_zen_rock_garden
D:6:      layout_basic, minmay_temple_entry_statues_pillars,
          chequers_decorated_corner
D:7:      layout_loops_ring, marbit_many_paths,
          nemelex_xobeh_ov_fountains_minmay, grunt_livestock
D:8:      layout_basic, lair_entry_dummy, nicolae_two_hexagons
D:9:      layout_loops_corners, tso_metal_star, orc_0_dummy
D:10:     layout_basic, ebering_ghost_disaster_area
D:11:     layout_long_grid, serial_shops, shop, basic_altar,
          ebering_ghost_funeral_grove,
          nicolae_gozag_cash_rules_everything_around_me, uniq_psyche
D:12:     layout_rooms, serial_rivers, chequers_serial_rivers_room_b,
          chequers_serial_rivers_room_b, chequers_serial_rivers_marsh,
          chequers_serial_rivers_micro_e, chequers_serial_rivers_micro_d,
          basic_altar, serial_shops, shop, special_room [special_room_bee],
          ldierk_geyser
D:13:     layout_loops_corners, skrybe_vaults_entry_preservation, basic_altar,
          ebering_ghost_disaster_area, minivault_28
D:14:     layout_basic, nicolae_water_bricks, sword_in_stone, uniq_kirke
D:15:     grunt_enter_depths_snipers, layout_basic, serial_shops, shop_statue,
          chequers_hall_statues_y
Temple:   regret_index_temple_sphere_string
Lair:1:   layout_roguey, serial_forest, infiniplex_forest_side_room,
          infiniplex_forest_clump_medium, infiniplex_forest_fountain,
          infiniplex_forest_corner_1, infiniplex_forest_end_3,
          infiniplex_forest_straight_2, minivault_27, st_stairs_6,
          beast_lair_carwin_8
Lair:2:   mu_elephants_graveyard, layout_chaotic_city,
          ebering_ghost_reflecting_pool, grunt_forest_small_clearings
Lair:3:   layout_roguey, enter_volcano_1, minivault_29, serial_bayou_shore_a,
          uniq_snorg
Lair:4:   layout_roguey, minmay_shoals_entry_centaurs, dummy_snake_entry,
          serial_bayou, serial_bayou_pond_b, serial_bayou_shore_b,
          serial_bayou_pond_c, serial_bayou_lake_a, kennysheep_catoblepas_arena,
          lemuel_fruit_fields
Lair:5:   layout_gridlike, serial_forest, infiniplex_forest_pool,
          infiniplex_forest_end_2, infiniplex_forest_clump_small,
          infiniplex_forest_straight_3, infiniplex_forest_clump_cross
Lair:6:   evilmike_catoblepas_cave, layout_small_grid, slime_altar_1,
          gauntlet_entry_generic, ebering_ghost_reflecting_pool, uniq_josephine
Shoals:1: layout_shoals, gammafunk_ghost_tricky_traps, yaktaur_hedge
Shoals:2: layout_shoals, uniq_polyphemus, uniq_ilsuiw
Shoals:3: layout_shoals, serial_shops, nicolae_shop_statue_plus,
          nicolae_shoals_so_close
Shoals:4: shoals_end_grunt_ice, layout_shoals, uniq_bai_suzhen
Snake:1:  layout_basic
Snake:2:  layout_rooms
Snake:3:  layout_cave_town, hangedman_corner_corridor
Snake:4:  snake_pit_salamanders_mu, layout_basic, nrook_guardian_serpent_double
Orc:1:    layout_diamond_mine, serial_shops, nicolae_shop_overgrown_old_shop
Orc:2:    st_orc_rangers, layout_caves
Elf:1:    minmay_elf_arrival_summoners, layout_geoelf_diagonals,
          gammafunk_ghost_tricky_traps, minmay_elf_necromancy, st_stairs_2,
          einodemon_armed_red_devil_minivault
Elf:2:    layout_geoelf_octagon, basic_altar, minivault_14,
          minmay_misc_feat_cross
Elf:3:    minmay_elf_hall_x, layout_gridlike, hangedman_decor_cross_pass,
          uniq_donald
Vaults:1: vaults_room_grunt_arrival_ludios, hangedman_vaults_river_flow,
          nicolae_vaults_bisected_inception, ontoclasm_vaults_shuriken,
          v_misc_30, grunt_vaults_focal, nicolae_vaults_arrows,
          vaults_room_hallway, nicolae_vaults_yaktaur_gun_rack, v_misc_27,
          v_misc_13, serial_ice_g, vaults_room_grid,
          nicolae_vaults_specimen_jars, grunt_vaults_hallway_short,
          grunt_vaults_hallway_short, layout_vaults_omnicross, serial_shops,
          nicolae_shop_trees
Vaults:2: nicolae_vaults_lopsided_apartments, ontoclasm_vaults_pinch, v_misc_9,
          v_misc_3, layout_vaults_chaotic_city, serial_shops,
          nicolae_shop_trees, shop, shop_coins, shop
Vaults:3: kb_rosetta, minmay_crypt_entry_simple_sparse,
          vaults_room_mumra_shop_pool, v_misc_5,
          ontoclasm_vaults_decontamination, vaults_standard_mumra_x,
          dpeg_vaults_monster_box, hangedman_vaults_impose,
          layout_vaults_omnigrid, basic_altar
Vaults:4: v_misc_24, hangedman_vaults_cutoff, v_alt_pattern_6,
          nicolae_vaults_sealed_display, ontoclasm_vaults_gallery,
          nicolae_vaults_mini_display_case, hangedman_vaults_stream,
          hangedman_vaults_slice, ontoclasm_vaults_gateway,
          vaults_room_stairs_pillars, ontoclasm_vaults_claustrophobia,
          ontoclasm_vaults_idyll, v_misc_16, layout_vaults_ring, serial_shops,
          nicolae_shop_statue_plus

Skill      XL: |  1  2  3  4  5  6  7  8  9 10 11 12 13 14 15 16 17 18 19 20 21 22 |
---------------+-------------------------------------------------------------------+-----
Fighting       | 1 2 3 4 5 6 7 9 10 11 12 13 14 15 16 17 18 19 | 19.1
Spellcasting   | 3 4 5 6 7 9 10 11 12 13 | 13.2
Poison Magic   | 4 5 6 7 8 9 |  9.4
Shields        | 5 9 11 12 13 14 15 | 15.0
Armour         | 2 4 6 8 10 11 12 | 12.3
Necromancy     | 2 4 6 7 8 9 10 11 13 14 15 16 | 16.0
Long Blades    | 1 3 5 7 8 9 11 12 13 | 13.6
Short Blades   | 2 4 |  4.8
Dodging        | 4 5 |  5.0
Conjurations   | 3 5 |  5.0
Stealth        | |  2.1
Transmutations | |  0.7

Action                   |  1- 3 |  4- 6 |  7- 9 | 10-12 | 13-15 | 16-18 | 19-21 | 22-24 || total
-------------------------+-------+-------+-------+-------+-------+-------+-------+-------++-------
Melee: Spear             |    24 |    54 |   234 |   248 |     4 |       |       |       ||   564
       Scimitar          |       |       |       |   139 |    72 |   382 |   680 |    27 ||  1300
       Demon blade       |       |       |       |       |   674 |  1050 |   801 |    89 ||  2614
       Unarmed           |       |       |       |       |     5 |       |       |       ||     5
       Long sword        |       |       |       |       |       |       |    33 |    47 ||    80
Throw: Dart              |       |       |       |       |     2 |     8 |     2 |       ||    12
 Cast: Sting             |    26 |    16 |    68 |   138 |    45 |    21 |     3 |       ||   317
       Poisonous Vapours |     4 |    41 |    67 |    96 |    70 |    77 |    32 |     2 ||   389
       Olgreb's Toxic Ra |       |     6 |    19 |    31 |    86 |    77 |    78 |     7 ||   304
       Ignite Poison     |       |       |     4 |    15 |    30 |    37 |    50 |     2 ||   138
       Mephitic Cloud    |       |       |     2 |    13 |    30 |     9 |     7 |     1 ||    62
       Animate Dead      |       |       |       |     2 |     9 |    12 |    44 |     2 ||    69
       Regeneration      |       |       |       |       |     5 |    10 |     3 |       ||    18
       Dispel Undead     |       |       |       |       |     5 |       |       |       ||     5
       Borgnjor's Vile C |       |       |       |       |       |    12 |     6 |     1 ||    19
       Infestation       |       |       |       |       |       |       |       |     5 ||     5
Invok: Receive Corpses   |       |       |       |       |     2 |     2 |     2 |     1 ||     7
       Receive Necronomi |       |       |       |       |     1 |       |       |       ||     1
Evoke: Wand              |       |       |       |       |     2 |       |     1 |     1 ||     4
  Use: Scroll            |       |       |     4 |    17 |    17 |    11 |     1 |       ||    50
       Potion            |       |       |       |       |     4 |     2 |       |       ||     6
 Stab: Sleeping          |       |     2 |     1 |     2 |     4 |     7 |     6 |       ||    22
       Confused          |       |       |       |       |     3 |     1 |     2 |       ||     6
       Distracted        |       |       |       |       |     1 |     1 |     8 |       ||    10
       Invisible         |       |       |       |       |     2 |       |       |       ||     2
       Petrified         |       |       |       |       |    10 |       |       |       ||    10
       Petrifying        |       |       |       |       |     1 |       |       |       ||     1
  Eat: Chunk             |     1 |     9 |    20 |    23 |    30 |    34 |    38 |     8 ||   163
       Ration            |       |       |     1 |     1 |     2 |     6 |     1 |       ||    11
Armor: Robe              |    11 |    19 |    10 |       |       |       |       |       ||    40
       Ring mail         |       |       |   100 |   225 |   538 |   819 |   614 |    80 ||  2376
Dodge: Dodged            |    18 |    30 |   102 |   208 |   360 |   632 |   442 |    34 ||  1826
       Deflected         |       |       |       |       |       |     6 |    44 |     7 ||    57
Block: Buckler           |       |       |    39 |   111 |   164 |    20 |       |       ||   334
       Shield            |       |       |       |       |       |   906 |   844 |    69 ||  1819
       Rpst.: Scimitar   |       |       |       |    24 |     7 |    24 |    43 |     2 ||   100
       Demon blade       |       |       |       |       |    89 |   106 |    43 |     3 ||   241
       Long sword        |       |       |       |       |       |       |       |     2 ||     2

Table legend:
 A = Non-vault XP
 B = Vault XP
 C = Vault XP percentage of total XP
 D = Non-vault monster count
 E = Vault monster count
 F = Vault count percentage of total count
                 A         B        C        D         E       F
            +---------+---------+-------+---------+---------+-------
      Total |  348581 |  286308 |  45.1 |    1103 |     548 |  33.2
            +---------+---------+-------+---------+---------+-------
        D:1 |      26 |       0 |   0.0 |       9 |       0 |   0.0
        D:2 |     190 |       0 |   0.0 |      24 |       0 |   0.0
        D:3 |     216 |     244 |  53.0 |      39 |      11 |  22.0
        D:4 |     603 |      69 |  10.3 |      24 |       7 |  22.6
        D:5 |     875 |       0 |   0.0 |      28 |       0 |   0.0
        D:6 |    1081 |       0 |   0.0 |      25 |       0 |   0.0
        D:7 |    1364 |     988 |  42.0 |      33 |       6 |  15.4
        D:8 |    1211 |       0 |   0.0 |      26 |       0 |   0.0
        D:9 |    2692 |       0 |   0.0 |      28 |       0 |   0.0
       D:10 |    1943 |       0 |   0.0 |      33 |       0 |   0.0
       D:11 |    3661 |     448 |  10.9 |      30 |       1 |   3.2
       D:12 |    6325 |    2183 |  25.7 |      41 |      20 |  32.8
       D:13 |    5239 |    8469 |  61.8 |      16 |      21 |  56.8
       D:14 |    9215 |    8055 |  46.6 |      43 |      11 |  20.4
       D:15 |    8577 |    2238 |  20.7 |      31 |       3 |   8.8
     Lair:1 |    1946 |    3459 |  64.0 |       7 |       9 |  56.2
     Lair:2 |    4843 |    8032 |  62.4 |      25 |      16 |  39.0
     Lair:3 |    5702 |    5435 |  48.8 |      27 |      44 |  62.0
     Lair:4 |    4685 |    1570 |  25.1 |      22 |       8 |  26.7
     Lair:5 |    7167 |       0 |   0.0 |      22 |       0 |   0.0
     Lair:6 |    8871 |   12040 |  57.6 |      21 |      29 |  58.0
   Shoals:1 |   11008 |     371 |   3.3 |      23 |       1 |   4.2
   Shoals:2 |    9320 |   10134 |  52.1 |      18 |      10 |  35.7
   Shoals:3 |   10003 |     195 |   1.9 |      19 |       1 |   5.0
   Shoals:4 |   12262 |   22753 |  65.0 |      35 |      32 |  47.8
    Snake:1 |   12505 |       0 |   0.0 |      23 |       0 |   0.0
    Snake:2 |    6980 |       0 |   0.0 |      15 |       0 |   0.0
    Snake:3 |   23762 |    4758 |  16.7 |      42 |       8 |  16.0
    Snake:4 |   23627 |   46333 |  66.2 |      37 |      70 |  65.4
      Orc:1 |    5412 |       0 |   0.0 |      24 |       0 |   0.0
      Orc:2 |    4659 |    4908 |  51.3 |      39 |      35 |  47.3
      Elf:1 |   13671 |   10599 |  43.7 |      19 |      21 |  52.5
      Elf:2 |   16620 |   21060 |  55.9 |      29 |      27 |  48.2
      Elf:3 |   15330 |   12020 |  43.9 |      33 |      10 |  23.3
   Vaults:1 |   24661 |   25451 |  50.8 |      55 |      39 |  41.5
   Vaults:2 |   12934 |   15395 |  54.3 |      27 |      22 |  44.9
   Vaults:3 |   27977 |   12823 |  31.4 |      60 |      17 |  22.1
   Vaults:4 |   41418 |   32960 |  44.3 |      51 |      33 |  39.3
    Volcano |       0 |    8507 | 100.0 |       0 |      27 | 100.0
   Gauntlet |       0 |    4811 | 100.0 |       0 |       9 | 100.0
            +---------+---------+-------+---------+---------+-------
